 Dungeon Crawl Stone Soup version 0.21.0 (webtiles) character file.

28 MovingMist the Chopper (level 2, -2/23 HPs)
             Began as a Demonspawn Gladiator on Jan 5, 2018.
             Slain by a worm (5 damage)
             ... on level 2 of the Dungeon.
             The game lasted 00:02:10 (1047 turns).

MovingMist the Chopper (Demonspawn Gladiator)       Turns: 1047, Time: 00:02:11

Health: -2/23      AC:  6    Str: 14    XL:     2   Next: 96%
Magic:  2/2        EV: 12    Int:  9    God:
Gold:   115        SH:  0    Dex: 14    Spells: 1/1 levels left

rFire    . . .     SeeInvis +   a - +0 war axe
rCold    . . .     Gourm    .   (no shield)
rNeg     . . .     Faith    .   p - +0 ring mail
rPois    .         Spirit   .   c - +0 helmet
rElec    .         Reflect  .   (no cloak)
rCorr    .         Harm     .   (no gloves)
MR       .....                  (no boots)
Stlth    ++........             (no amulet)
HPRegen  0.07/turn              b - ring of see invisible
MPRegen  0.08/turn              (no ring)

@: no status effects
A: nightstalker 1
a: no special abilities


You were on level 2 of the Dungeon.
You were hungry.

You visited 1 branch of the dungeon, and saw 2 of its levels.

You collected 115 gold pieces.

Inventory:

Hand Weapons
 a - a +0 war axe (weapon)
Missiles
 d - 3 throwing nets (quivered)
Armour
 c - a +0 helmet (worn)
 p - a +0 ring mail (worn)
Jewellery
 b - a ring of see invisible (left hand)
 m - an uncursed amulet of rage
Scrolls
 e - 2 scrolls of fog {unknown}
 g - 2 scrolls of remove curse {unknown}
 j - 3 scrolls of noise {unknown}
 l - 3 scrolls of identify {unknown}
 q - a scroll of teleportation {unknown}
 r - 3 scrolls of magic mapping {unknown}
 s - a scroll of enchant armour {unknown}
 u - a scroll of amnesia {unknown}
Potions
 i - a potion of flight {unknown}
 k - 2 potions of curing {unknown}
 n - a potion of berserk rage {unknown}
 o - a potion of degeneration {unknown}
 t - 2 potions of magic {unknown}
Comestibles
 f - 4 rations
 h - 3 chunks of flesh


   Skills:
 + Level 2.4 Fighting
 + Level 3.0 Axes
 - Level 1.7 Throwing
 + Level 1.0 Armour
 + Level 3.0 Dodging


You had one spell level left.
You didn't know any spells.

Dungeon Overview and Level Annotations

Branches:
Dungeon (2/15)

Altars:


Innate Abilities, Weirdness & Mutations

You are slightly more attuned to the shadows.


Message History

Your Armour skill increases to level 1!
You see here a worm corpse.
You butcher the worm corpse.
h - 3 chunks of flesh
u - a scroll labeled FAHOEKH TEMISH A worm comes into view.
A worm is nearby!
You are too injured to fight recklessly!
You are too injured to fight recklessly!
You are too injured to fight recklessly!
The worm barely misses you.
You barely miss the worm. You barely miss the worm. The worm barely misses you.
You barely miss the worm. The worm bites you!
* * * LOW HITPOINT WARNING * * *
You are feeling hungry.
You hit the worm.
The worm is heavily wounded.
The worm bites you.
You die...

#.# #.# #####
######.############# #....
...........##......# #....
...........##......# #....
...........##......# #....
...........##......# ######....
...........##......#####...##....
................@w...............
......>..........................
...........##.......##...........
...........##.......##...........
.....................#...........
..................##.#...........
..................##..######'####
........ #...##..######....#
............ #...##.............


You could see a worm.

Vanquished Creatures
  2 worms (D:2)
  A dart slug (D:1)
  4 bats
  6 hobgoblins
  3 frilled lizards (D:2)
  2 kobolds
  2 rats
20 creatures vanquished.

Notes
Turn   | Place    | Note
-------+----------+-------------------------------------------
     0 | D:1      | MovingMist the Demonspawn Gladiator began the quest for the Orb.
     0 | D:1      | Reached XP level 1. HP: 16/16 MP: 1/1
   295 | D:1      | Gained mutation: You are slightly more attuned to the shadows. [demonic ancestry]
   295 | D:1      | Reached XP level 2. HP: 22/22 MP: 2/2
  1019 | D:2      | Reached skill level 1 in Armour
  1047 | D:2      | Slain by a worm

Skill      XL: |  1  2 |
---------------+-------+-----
Axes           | 3 |  3.0
Dodging        | 3 |  3.0
Armour         | 1 |  1.0
Fighting       | |  2.4
Throwing       | |  1.7

Action                   || total
-------------------------++-------
Melee: War axe           ||    67
Armor: Leather armour    ||    12
       Ring mail         ||    13
Dodge: Dodged            ||    44
